| TOP OF THE 1ST |
|
Staten Island Yankees batting - Pitching for Connecticut Tigers : LHP Randolph Main
|
|
Pitching: LHP Randolph Main
|
|
|
Batting: RHB Norimoto Miyanishi
|
0-0: Ball 1-0: Called Strike 1-1: Foul Ball, location: 2F 1-2: Ball 2-2: Strikes out looking
|
|
Batting: LHB Dario Segura
|
0-0: Swinging Strike 0-1: Swinging Strike 0-2: Fly out, F7 (Flyball, 7, EV 93.8 MPH)
|
|
Batting: RHB Pat Pemberton
|
0-0: Ball 1-0: Called Strike 1-1: Ball 2-1: Foul Ball, location: 2F 2-2: Foul Ball, location: 2F 2-2: DOUBLE (Groundball, 5L, EV 103.1 MPH)
|
|
Batting: SHB Tadaaki Kondo
|
0-0: Ground out 6-3 (Groundball, 6, EV 82.5 MPH)
|
| Top of the 1st over - 0 runs, 1 hit, 0 errors, 1 left on base; Staten Island 0 - Connecticut 0 |
| BOTTOM OF THE 1ST |
|
Connecticut Tigers batting - Pitching for Staten Island Yankees : RHP Ben Cunningham
|
|
Pitching: RHP Ben Cunningham
|
|
|
Batting: RHB Janne Vihko
|
0-0: Called Strike 0-1: Ball 1-1: SINGLE (Groundball, 4M, EV 108.8 MPH) (infield hit)
|
|
Batting: RHB Jaden Warrior
|
0-0: Called Strike 0-1: Swinging Strike 0-2: Ball 1-2: Ball 2-2: Strikes out swinging
|
|
Batting: LHB Antonio Luis
|
0-0: Ball 1-0: Foul Ball, location: 2F 1-1: Called Strike 1-2: Ball 2-2: Foul Ball, location: 2F 2-2: Fielders Choice at 2nd, 4-6 (Groundball, 4, EV 78.8 MPH)
|
|
Batting: LHB Nick Swank
|
0-0: Called Strike 0-1: Ball 1-1: Swinging Strike 1-2: Ball 2-2: Ball 3-2: Foul Ball, location: 2F 3-2: Base on Balls Antonio Luis to second
|
|
Batting: RHB Jeremiah Washington
|
0-0: Ball 1-0: Foul Ball, location: 2F 1-1: Foul Ball, location: 2F 1-2: Fielders Choice at 2nd, 6-4 (Groundball, 6, EV 95.6 MPH)
|
| Bottom of the 1st over - 0 runs, 1 hit, 0 errors, 2 left on base; Staten Island 0 - Connecticut 0 |
| TOP OF THE 2ND |
|
Staten Island Yankees batting - Pitching for Connecticut Tigers : LHP Randolph Main
|
|
Batting: LHB Mike Schermerhorn
|
0-0: DOUBLE (Flyball, 8LXD, EV 103.1 MPH)
|
|
Batting: SHB Adam Slade
|
0-0: Ball 1-0: Ground out 1-3 (Groundball, 15S, EV 76.9 MPH)
|
|
Batting: RHB Jesus Ruiz
|
0-0: Ball Passed Ball! Mike Schermerhorn to third 1-0: Swinging Strike 1-1: SINGLE (Groundball, 56, EV 98.1 MPH) Mike Schermerhorn scores
|
|
Batting: RHB Danny Ayala
|
0-0: Ball 1-0: Ball 2-0: Ball 3-0: Base on Balls Jesus Ruiz to second
|
|
Batting: LHB Danny de Leon
|
0-0: Foul Ball, location: 2F 0-1: Ball 1-1: Ball 2-1: Called Strike 2-2: Grounds into double play, 4-6-3 (Groundball, 4, EV 85.0 MPH)
|
| Top of the 2nd over - 1 run, 2 hits, 0 errors, 1 left on base; Staten Island 1 - Connecticut 0 |
| BOTTOM OF THE 2ND |
|
Connecticut Tigers batting - Pitching for Staten Island Yankees : RHP Ben Cunningham
|
|
Batting: RHB Zack DiCicco
|
0-0: Called Strike 0-1: Called Strike 0-2: Ground out 5-3 (Groundball, 56, EV 85.0 MPH)
|
|
Batting: RHB Tony Nunez
|
0-0: Called Strike 0-1: Ball 1-1: Called Strike 1-2: Foul Ball, location: 2F 1-2: Strikes out swinging
|
|
Batting: SHB Ian Arlotta
|
0-0: Ball 1-0: Called Strike 1-1: DOUBLE (Line Drive, 7LS, EV 99.4 MPH)
|
|
Batting: RHB Kaleb Yerger
|
0-0: Ball 1-0: Ground out U3 (Groundball, 3, EV 83.1 MPH)
|
| Bottom of the 2nd over - 0 runs, 1 hit, 0 errors, 1 left on base; Staten Island 1 - Connecticut 0 |
| TOP OF THE 3RD |
|
Staten Island Yankees batting - Pitching for Connecticut Tigers : LHP Randolph Main
|
|
Batting: RHB Norimoto Miyanishi
|
0-0: Ball 1-0: Ball 2-0: Ball 3-0: Base on Balls
|
|
Batting: LHB Dario Segura
|
0-0: Ball 1-0: Called Strike Norimoto Miyanishi steals 2nd base 1-1: Fly out, F9 (Line Drive, 9, EV 85.6 MPH)
|
|
Batting: RHB Pat Pemberton
|
0-0: Ball 1-0: Called Strike 1-1: Ball 2-1: Swinging Strike 2-2: Fly out, F9 (Line Drive, 9, EV 84.4 MPH)
|
|
Batting: SHB Tadaaki Kondo
|
0-0: Ball 1-0: Foul Ball, location: 2F 1-1: Ball 2-1: Ball 3-1: Base on Balls
|
|
Batting: LHB Mike Schermerhorn
|
0-0: Foul Ball, location: 2F 0-1: Ball 1-1: Called Strike 1-2: Ball 2-2: Ball 3-2: Strikes out swinging
|
| Top of the 3rd over - 0 runs, 0 hits, 0 errors, 2 left on base; Staten Island 1 - Connecticut 0 |
| BOTTOM OF THE 3RD |
|
Connecticut Tigers batting - Pitching for Staten Island Yankees : RHP Ben Cunningham
|
|
Batting: RHB Janne Vihko
|
0-0: Ball 1-0: Ball 2-0: Foul Ball, location: 2F 2-1: SINGLE (Groundball, 56, EV 96.9 MPH)
|
|
Batting: RHB Jaden Warrior
|
0-0: Called Strike 0-1: Ball 1-1: Called Strike 1-2: Fly out, F9 (Flyball, 9LD, EV 103.1 MPH)
|
|
Batting: LHB Antonio Luis
|
0-0: Ball 1-0: Ball 2-0: Called Strike 2-1: Swinging Strike 2-2: Foul Ball, location: 2F 2-2: DOUBLE (Line Drive, 78D, EV 105.0 MPH) Janne Vihko to third Runner from 3rd tries for Home, throw by CF and OUT! 8-6-2
|
|
Batting: LHB Nick Swank
|
0-0: Ball Balk! Antonio Luis to third 1-0: Called Strike 1-1: SINGLE (Line Drive, 6MD, EV 93.8 MPH) Antonio Luis scores
|
|
Batting: RHB Jeremiah Washington
|
0-0: SINGLE (Groundball, 5D, EV 101.2 MPH) Nick Swank to second
|
|
Batting: RHB Zack DiCicco
|
0-0: Ball 1-0: Hit by Pitch Nick Swank to third Jeremiah Washington to second
|
|
Batting: RHB Tony Nunez
|
0-0: Ball 1-0: Fly out, F7 (Flyball, 78M, EV 89.4 MPH)
|
| Bottom of the 3rd over - 1 run, 4 hits, 0 errors, 3 left on base; Staten Island 1 - Connecticut 1 |
| TOP OF THE 4TH |
|
Staten Island Yankees batting - Pitching for Connecticut Tigers : LHP Randolph Main
|
|
Batting: SHB Adam Slade
|
0-0: Ball 1-0: DOUBLE (Groundball, 3L, EV 108.1 MPH)
|
|
Batting: RHB Jesus Ruiz
|
0-0: Called Strike 0-1: Ground out 3-1 (Groundball, 34, EV 84.4 MPH) Adam Slade to third
|
|
Batting: RHB Danny Ayala
|
0-0: DOUBLE (Line Drive, 89D, EV 113.8 MPH) Adam Slade scores
|
|
Batting: LHB Danny de Leon
|
0-0: Called Strike 0-1: Swinging Strike 0-2: Ground out 3-1 (Groundball, 34S, EV 77.5 MPH) Danny Ayala to third
|
|
Batting: RHB Norimoto Miyanishi
|
0-0: Fly out, F8 (Flyball, 8RM, EV 93.1 MPH)
|
| Top of the 4th over - 1 run, 2 hits, 0 errors, 1 left on base; Staten Island 2 - Connecticut 1 |
| BOTTOM OF THE 4TH |
|
Connecticut Tigers batting - Pitching for Staten Island Yankees : RHP Ben Cunningham
|
|
Batting: SHB Ian Arlotta
|
0-0: Ball 1-0: Foul Ball, location: 2F 1-1: Swinging Strike 1-2: Ball 2-2: Ground out 1-3 (Groundball, 13S, EV 65.0 MPH)
|
|
Batting: RHB Kaleb Yerger
|
0-0: Foul Ball, location: 2F 0-1: Ball 1-1: Ground out 5-3 (Groundball, 56, EV 105.0 MPH)
|
|
Batting: RHB Janne Vihko
|
0-0: Ball 1-0: Ball 2-0: Foul Ball, location: 2F 2-1: Foul Ball, location: 2F 2-2: Foul Ball, location: 2F 2-2: Strikes out swinging
|
| Bottom of the 4th over - 0 runs, 0 hits, 0 errors, 0 left on base; Staten Island 2 - Connecticut 1 |
| TOP OF THE 5TH |
|
Staten Island Yankees batting - Pitching for Connecticut Tigers : LHP Randolph Main
|
|
Batting: LHB Dario Segura
|
0-0: Ball 1-0: Ball 2-0: Called Strike 2-1: Fly out, F8 (Line Drive, 8RD, EV 88.8 MPH)
|
|
Batting: RHB Pat Pemberton
|
0-0: Ball 1-0: Ball 2-0: Foul Ball, location: 2F 2-1: Foul Ball, location: 2F 2-2: Fly out, F8 (Flyball, 8RXD, EV 100.0 MPH)
|
|
Batting: SHB Tadaaki Kondo
|
0-0: Called Strike 0-1: Ball 1-1: Foul Ball, location: 2F 1-2: Ground out 5-3 (Groundball, 56, EV 80.6 MPH)
|
| Top of the 5th over - 0 runs, 0 hits, 0 errors, 0 left on base; Staten Island 2 - Connecticut 1 |
| BOTTOM OF THE 5TH |
|
Connecticut Tigers batting - Pitching for Staten Island Yankees : RHP Ben Cunningham
|
|
Batting: RHB Jaden Warrior
|
0-0: Called Strike 0-1: SINGLE (Groundball, 4MS, EV 70.6 MPH) (infield hit)
|
|
Batting: LHB Antonio Luis
|
0-0: Ball 1-0: Ball 2-0: Fly out, F5 (Popup, 56, EV 63.8 MPH)
|
|
Batting: LHB Nick Swank
|
0-0: Ball 1-0: Fielders Choice at 2nd, 4-6 (Groundball, 4, EV 88.1 MPH)
|
|
Batting: RHB Jeremiah Washington
|
0-0: Ball 1-0: Ball 2-0: Called Strike 2-1: Fielders Choice at 2nd, 6-4 (Groundball, 6, EV 78.1 MPH)
|
| Bottom of the 5th over - 0 runs, 1 hit, 0 errors, 1 left on base; Staten Island 2 - Connecticut 1 |
| TOP OF THE 6TH |
|
Staten Island Yankees batting - Pitching for Connecticut Tigers : LHP Randolph Main
|
|
Batting: LHB Mike Schermerhorn
|
0-0: Ball 1-0: Called Strike 1-1: Ball 2-1: Foul Ball, location: 2F 2-2: Hit by Pitch
|
|
Batting: SHB Adam Slade
|
0-0: Ball 1-0: Ball 2-0: Called Strike 2-1: Grounds into double play, 5-4-3 (Groundball, 56S, EV 81.9 MPH)
|
|
Batting: RHB Jesus Ruiz
|
0-0: Ball 1-0: SINGLE (Groundball, 6MD, EV 109.4 MPH)
|
|
Batting: RHB Danny Ayala
|
0-0: Called Strike 0-1: Ball 1-1: Ground out 5-3 (Groundball, 56S, EV 83.8 MPH)
|
| Top of the 6th over - 0 runs, 1 hit, 0 errors, 1 left on base; Staten Island 2 - Connecticut 1 |
| BOTTOM OF THE 6TH |
|
Connecticut Tigers batting - Pitching for Staten Island Yankees : RHP Ben Cunningham
|
|
Batting: RHB Zack DiCicco
|
0-0: Called Strike 0-1: Ball 1-1: Called Strike 1-2: Fly out, F9 (Flyball, 9D, EV 92.5 MPH)
|
|
Batting: RHB Tony Nunez
|
0-0: Ball 1-0: Foul Ball, location: 2F 1-1: Ground out 1-3 (Groundball, 25, EV 65.6 MPH)
|
|
Batting: SHB Ian Arlotta
|
0-0: Swinging Strike 0-1: Ball 1-1: Foul Ball, location: 2F 1-2: Fly out, F9 (Flyball, 89S, EV 95.6 MPH)
|
| Bottom of the 6th over - 0 runs, 0 hits, 0 errors, 0 left on base; Staten Island 2 - Connecticut 1 |
| TOP OF THE 7TH |
|
Staten Island Yankees batting - Pitching for Connecticut Tigers : LHP Randolph Main
|
|
Batting: LHB Danny de Leon
|
0-0: Called Strike 0-1: Ball 1-1: Foul Ball, location: 2F 1-2: Foul Ball, location: 2F 1-2: Ball 2-2: Strikes out swinging
|
|
Batting: RHB Norimoto Miyanishi
|
0-0: Ball 1-0: Ball 2-0: Ball 3-0: Base on Balls
|
|
Batting: LHB Dario Segura
|
0-0: Ball 1-0: Foul Ball, location: 2F 1-1: SINGLE (Flyball, 8RM, EV 91.2 MPH) Norimoto Miyanishi to second
|
|
Batting: RHB Pat Pemberton
|
0-0: Ball 1-0: Ball 2-0: Ball 3-0: Called Strike 3-1: Foul Ball, location: 2F 3-2: Foul Ball, location: 2F 3-2: Foul Ball, location: 2F 3-2: Base on Balls Norimoto Miyanishi to third Dario Segura to second
|
|
Pitching: LHP Victor Villarreal
|
|
|
Batting: SHB Tadaaki Kondo
|
0-0: Ball 1-0: Foul Ball, location: 2F 1-1: Ball 2-1: Foul Ball, location: 2F 2-2: Ball 3-2: Foul Ball, location: 2F 3-2: Base on Balls Norimoto Miyanishi scores Dario Segura to third Pat Pemberton to second
|
|
Batting: LHB Mike Schermerhorn
|
0-0: Ball 1-0: DOUBLE (Line Drive, 89D, EV 111.9 MPH) Dario Segura scores Pat Pemberton scores Tadaaki Kondo to third
|
|
Batting: SHB Adam Slade
|
0-0: Called Strike 0-1: Ball 1-1: Ball 2-1: Swinging Strike 2-2: Strikes out swinging
|
|
Batting: RHB Jesus Ruiz
|
0-0: Ball 1-0: Ball 2-0: Ball 3-0: Called Strike 3-1: Foul Ball, location: 2F 3-2: Foul Ball, location: 2F 3-2: Foul Ball, location: 2F 3-2: Foul Ball, location: 2F 3-2: Fly out, F7 (Flyball, 7S, EV 77.5 MPH)
|
| Top of the 7th over - 3 runs, 2 hits, 0 errors, 2 left on base; Staten Island 5 - Connecticut 1 |
| BOTTOM OF THE 7TH |
|
Connecticut Tigers batting - Pitching for Staten Island Yankees : RHP Ben Cunningham
|
|
Batting: RHB Kaleb Yerger
|
0-0: Fly out, F9 (Line Drive, 9, EV 92.5 MPH)
|
|
Pitching: LHP Colin Scott
|
|
|
Batting: RHB Janne Vihko
|
0-0: Ground out 1-3 (Groundball, 13S, EV 66.9 MPH)
|
|
Batting: RHB Jaden Warrior
|
0-0: Called Strike 0-1: DOUBLE (Flyball, 8LXD, EV 112.5 MPH)
|
|
Batting: LHB Antonio Luis
|
0-0: Ground out 4-3 (Groundball, 4, EV 78.1 MPH)
|
| Bottom of the 7th over - 0 runs, 1 hit, 0 errors, 1 left on base; Staten Island 5 - Connecticut 1 |
| TOP OF THE 8TH |
|
Staten Island Yankees batting - Pitching for Connecticut Tigers : LHP Victor Villarreal
|
|
Pitching: RHP Ramiro Silva
|
|
|
Batting: RHB Danny Ayala
|
0-0: Swinging Strike 0-1: Ball 1-1: Ball 2-1: Called Strike 2-2: Foul Ball, location: 2F 2-2: Strikes out swinging
|
|
Batting: LHB Danny de Leon
|
0-0: Ball 1-0: Foul Ball, location: 2F 1-1: Ball 2-1: Ball 3-1: Base on Balls
|
|
DELAY
|
Rain delay of 103 minutes in the 8th inning.
|
|
Batting: RHB Norimoto Miyanishi
|
0-0: Called Strike 0-1: Called Strike 0-2: Ball 1-2: Ball 2-2: Grounds into double play, 5-4-3 (Groundball, 56, EV 93.8 MPH)
|
| Top of the 8th over - 0 runs, 0 hits, 0 errors, 0 left on base; Staten Island 5 - Connecticut 1 |
| BOTTOM OF THE 8TH |
|
Connecticut Tigers batting - Pitching for Staten Island Yankees : LHP Colin Scott
|
|
Batting: LHB Nick Swank
|
0-0: Ball 1-0: Ball 2-0: Ball 3-0: Called Strike 3-1: Swinging Strike 3-2: Fly out, F9 (Line Drive, 9, EV 96.9 MPH)
|
|
Batting: RHB Jeremiah Washington
|
0-0: Ball 1-0: Ball 2-0: Ball 3-0: Base on Balls
|
|
Batting: RHB Zack DiCicco
|
0-0: Fly out, F6 (Popup, 6D, EV 43.1 MPH)
|
|
Batting: RHB Tony Nunez
|
0-0: Ball 1-0: Ball 2-0: Ball 3-0: Base on Balls Jeremiah Washington to second
|
|
Pitching: RHP Nick Peters
|
|
|
Batting: SHB Ian Arlotta
|
0-0: Foul Ball, location: 2F 0-1: Ball 1-1: Ground out 4-3 (Groundball, 4S, EV 69.4 MPH)
|
| Bottom of the 8th over - 0 runs, 0 hits, 0 errors, 2 left on base; Staten Island 5 - Connecticut 1 |
| TOP OF THE 9TH |
|
Staten Island Yankees batting - Pitching for Connecticut Tigers : RHP Ramiro Silva
|
|
Batting: LHB Dario Segura
|
0-0: Called Strike 0-1: Ball 1-1: Ball 2-1: Foul Ball, location: 2F 2-2: Ball 3-2: SINGLE (Line Drive, 78M, EV 95.0 MPH)
|
|
Pitching: RHP Juan Murillo
|
|
|
Batting: RHB Pat Pemberton
|
0-0: Swinging Strike 0-1: Swinging Strike 0-2: Strikes out swinging
|
|
Batting: SHB Tadaaki Kondo
|
0-0: Ball 1-0: Foul Ball, location: 2F 1-1: Ball 2-1: Ball 3-1: Foul Ball, location: 2F 3-2: Foul Ball, location: 2F 3-2: Base on Balls Dario Segura to second
|
|
Batting: LHB Mike Schermerhorn
|
0-0: Fly out, F8 (Flyball, 78S, EV 93.1 MPH)
|
|
Batting: SHB Adam Slade
|
0-0: Swinging Strike 0-1: Ball 1-1: Foul Ball, location: 2F 1-2: Foul Ball, location: 2F 1-2: Foul Ball, location: 2F 1-2: Ball 2-2: Ground out 4-3 (Groundball, 4, EV 86.2 MPH)
|
| Top of the 9th over - 0 runs, 1 hit, 0 errors, 2 left on base; Staten Island 5 - Connecticut 1 |
| BOTTOM OF THE 9TH |
|
Connecticut Tigers batting - Pitching for Staten Island Yankees : RHP Nick Peters
|
|
Batting: RHB Kaleb Yerger
|
0-0: Ball 1-0: Called Strike 1-1: Swinging Strike 1-2: Strikes out swinging
|
|
Batting: RHB Janne Vihko
|
0-0: Ground out 1-3 (Groundball, 13, EV 76.9 MPH)
|
|
Batting: RHB Jaden Warrior
|
0-0: Ball 1-0: Ball 2-0: Called Strike 2-1: Swinging Strike 2-2: Ball 3-2: SINGLE (Groundball, 56D, EV 105.0 MPH)
|
|
Batting: LHB Antonio Luis
|
0-0: Foul Ball, location: 2F 0-1: Foul Ball, location: 2F 0-2: SINGLE (Groundball, 4MD, EV 96.9 MPH) Jaden Warrior to second
|
|
Batting: LHB Nick Swank
|
0-0: Ball 1-0: Ball 2-0: Called Strike 2-1: Ball 3-1: Base on Balls Jaden Warrior to third Antonio Luis to second
|
|
Pitching: RHP Nate LaCava
|
|
|
Batting: RHB Jeremiah Washington
|
0-0: Swinging Strike 0-1: Called Strike 0-2: Ball 1-2: Ball 2-2: Foul Ball, location: 2F 2-2: Ground out 6-3 (Groundball, 56D, EV 80.0 MPH)
|
| Bottom of the 9th over - 0 runs, 2 hits, 0 errors, 3 left on base; Staten Island 5 - Connecticut 1 |
|